 Dungeon Crawl Stone Soup version 0.31-a0-949-g57150269e1 (webtiles) character file.

Game seed: 2588931961464248226

244 scionoferis the Chopper (level 5, -18/48 HPs)
             Began as a Minotaur Chaos Knight on Oct 21, 2023.
             Was a Plaything of Xom.
             Demolished by an ogre
             ... wielding a +0 giant club
              (40 damage)
             ... on level 4 of the Dungeon.
             The game lasted 00:06:49 (2649 turns).

scionoferis the Chopper (Minotaur Chaos Knight)     Turns: 2649, Time: 00:06:49

Health: -18/48     AC:  6    Str: 16    XL:     5   Next: 83%
Magic:  4/4        EV: 11    Int:  9    God:    Xom [.*....]
Gold:   227        SH:  5    Dex: 12    Spells: 4/4 levels left

rFire   . . .        a - +0 hand axe (chaos)
rCold   x . .        (no shield)
rNeg    . . .        b - +2 leather armour
rPois   .            (helmet restricted)
rElec   .            (no cloak)
rCorr   +            (no gloves)
SInv    .            y - +0 pair of boots
Will    +....        A - amulet of reflection
Stlth   ++           f - ring of resist corrosion
HPRegen 0.28/turn    C - ring of willpower
MPRegen 0.09/turn

%: reflection
@: no status effects
A: horns 2, retaliatory headbutt, camouflage 1, cold vulnerability 1
a: Renounce Religion


You were on level 4 of the Dungeon.
You worshipped Xom.
You were a plaything of Xom.
You visited 1 branch of the dungeon, and saw 4 of its levels.

You collected 227 gold pieces.


Innate Abilities, Weirdness & Mutations

You have a pair of horns on your head.
You reflexively headbutt those who attack you in melee.
Your skin changes colour to match your surroundings (Stealth+).
You are vulnerable to cold. (rC-)


   Skills:
 + Level 5.4 Fighting
 * Level 6.8 Axes
 - Level 2.4 Armour
 - Level 1.1 Dodging


You had 4 spell levels left.
You didn't know any spells.
Your spell library was empty.

Inventory:

Hand Weapons
 a - a +0 hand axe of chaos (weapon)
 r - a +0 war axe
   (You took it off an orc on level 3 of the Dungeon)
Missiles
 t - 2 throwing nets
 w - 6 javelins
Armour
 b - a +2 leather armour (worn)
 y - a +0 pair of boots (worn)
   (You found it on level 4 of the Dungeon)
Jewellery
 f - a ring of resist corrosion (left hand)
   (You found it on level 2 of the Dungeon)
 A - an amulet of reflection (around neck)
   (You found it on level 4 of the Dungeon)
 C - a ring of willpower (right hand)
   (You found it on level 4 of the Dungeon)
Wands
 d - a wand of polymorph (1)
   (You found it on level 2 of the Dungeon)
Scrolls
 c - a scroll of butterflies
 e - a scroll of amnesia {unknown}
 g - 2 scrolls of blinking {unknown}
 j - 3 scrolls of teleportation {unknown}
 k - 7 scrolls of identify {unknown}
 l - 2 scrolls of noise {unknown}
 m - a scroll of immolation {unknown}
 o - 4 scrolls of enchant armour {unknown}
 q - 2 scrolls of poison {unknown}
 s - a scroll of vulnerability {unknown}
 v - 2 scrolls of silence {unknown}
Potions
 h - a potion of lignification {unknown}
 i - a potion of attraction {unknown}
 n - a potion of resistance {unknown}
 p - 2 potions of invisibility {unknown}
 u - 2 potions of might {unknown}
 x - a potion of ambrosia {unknown}
 z - a potion of haste {unknown}

Dungeon Overview and Level Annotations

Branches:
Dungeon (4/15)
 Temple: D:4-7

Altars:
Cheibriados
Dithmenos
Hepliaklqana
Kikubaaqudgha
Nemelex Xobeh
Uskayaw
Vehumet
Wu Jian

Annotations:
D:1 not finished, spider

....#.#...##.###....#...#.#..####
####.##..###.# #....#.......<....
#[..#....###.###....#.#.#.#.#####
#[..#..#..##........#.#.#.#.#
#...#........###....#.#.#.#.#####
####)##..#'#.###....#.#.#........
....#.#...............#.#.#######
#...##.##....###....###.#.#
......#.#....# #@...# #.#.#
####..##.##..# #O...# #.#.#
##...#.#... .....# #.# # #...###
#......# #.####### . .(.....
#......# #........ #######..##
#....#.# ######### .... #..#
#..(.... .... # #.##..# #
...(.##.. ######### # #.##..#
#..#.#.... .........


You could see an ogre (berserk, resistant, very poisoned).


Message History

Welcome, scionoferis the Minotaur Chaos Knight.
Will you be the one to retrieve the incredible Orb of Zot from the depths?
Xom says: A new plaything!
Press ? for a list of commands and other information.
Found a staircase leading out of the dungeon.
You open the door.
A malevolent force fills the Dungeon...
You fall into a shaft and drop 1 floor!
The shaft crumbles and collapses.
Found a long lead wand and a pair of boots.
d - a wand of polymorph (3)
Found a large gilded ring.
You see here a +0 pair of boots.
e - a +0 pair of boots You start putting on your armour.
You continue putting on your +0 pair of boots. x4
You finish putting on your +0 pair of boots.
f - a ring of resist corrosion
There are no items here.
f - a ring of resist corrosion (left hand)
Found 5 stones.
You see here 5 stones.
Found a ring mail.
You are now Xom's teddy bear.
You see here a +0 ring mail.
An adder comes into view.
Found a scroll labelled SOGGEW DEOM.
The adder hisses angrily.
You hit the adder.
The adder seems to slow down.
You freeze the adder.
The adder is moderately wounded.
The adder bites you but does no damage.
You barely miss the adder. You headbutt the adder.
The adder is heavily wounded.
The adder closely misses you.
You hit the adder.
The adder is severely wounded.
You closely miss the adder.
The adder is severely wounded.
The adder closely misses you.
You closely miss the adder.
The adder is severely wounded.
The adder is no longer moving slowly.
The adder bites you but does no damage. The adder bites you.
You are poisoned.
The adder poisons you!
You hit the adder but do no damage.
The adder is severely wounded.
You feel sick. The adder closely misses you.
You miss the adder.
The adder is severely wounded.
You feel sick. The adder bites you but does no damage.
You barely miss the adder.
The adder is severely wounded.
You feel sick. The adder closely misses you.
The adder bites you but does no damage.
You slash the adder!
You feel better.
You kill the adder!
You feel sick.
You are no longer poisoned.
Your Axes skill increases to level 4!
You have reached level 2!
You start resting.
HP restored.
You see here an adder corpse.
Found a beast talisman.
g - a scroll labelled SOGGEW DEOM
h - a purple potion You see here a beast talisman.
Found a stone staircase leading up.
There is a stone staircase leading up here.
You climb upwards.
Found a smoky blue potion, 22 gold pieces and a scroll labelled SOGGEW DEOM.
There is a stone staircase leading down here.
i - a smoky blue potion You now have 17 gold pieces.
g - 2 scrolls labelled SOGGEW DEOM (gained 1)
You now have 31 gold pieces (gained 14).
You now have 36 gold pieces (gained 5).
j - a scroll labelled FUROZIF SITHUL Xom smirks.
You detect items!
You are now a toy of Xom.
k - a scroll labelled FINUIG QACLUE "See what I see, my child!"
You detect nothing.
You open the door.
There is an open door here.
You open the door.
There is an open door here.
You open the door.
There is an open door here.
You open the door.
There is an open door here.
You open the door.
There is an open door here.
You open the door.
A hobgoblin and a goblin come into view.
The goblin shouts!
Found 4 stones.
You swing at nothing.
You swing at nothing.
You swing at nothing.
You swing at nothing.
You barely miss the hobgoblin.
You headbutt the hobgoblin, but do no damage.
The hobgoblin misses you.
You completely miss the hobgoblin.
The hobgoblin hits you but does no damage.
You hit the hobgoblin but do no damage. Your headbutt misses the hobgoblin.
The hobgoblin hits you but does no damage.
You hit the hobgoblin but do no damage. Your headbutt misses the hobgoblin.
The hobgoblin completely misses you. You furiously retaliate!
You headbutt the hobgoblin. You hit the hobgoblin.
You kill the hobgoblin!
You closely miss the goblin. The goblin hits you but does no damage.
You barely miss the goblin. The goblin hits you but does no damage.
You closely miss the goblin. The goblin barely misses you.
You closely miss the goblin. The goblin hits you but does no damage.
You hit the goblin.
You kill the goblin!
You swing at nothing.
Things that are here:
a +0 dagger; a goblin corpse; a hobgoblin corpse
Found a scale mail.
There is an open door here.
An endoplasm comes into view.
The endoplasm quivers.
The endoplasm barely misses you.
You slash the endoplasm!
You kill the endoplasm!
Your Fighting skill increases to level 4!
No target in view!
You almost hear Xom's maniacal laughter.
A monocle briefly appears over your left eye.
Found a stone staircase leading down.
A frilled lizard comes into view.
The frilled lizard hisses angrily.
The frilled lizard closely misses you. You furiously retaliate!
You headbutt the frilled lizard.
You kill the frilled lizard!
No target in view!
No target in view!
Found a faded altar of an unknown god.
A quokka comes into view.
You see here a scroll labelled FUROZIF SITHUL.
j - 2 scrolls labelled FUROZIF SITHUL (gained 1)
A quokka is nearby!
Found 7 gold pieces.
You hit the quokka but do no damage. The quokka misses you.
The quokka closely misses you.
You closely miss the quokka. You headbutt the quokka.
You kill the quokka!
You see here a quokka corpse.
A goblin comes into view. It is wielding a +0 dagger.
You hit the goblin.
You kill the goblin!
Things that are here:
a +0 dagger; a goblin corpse
l - a scroll labelled LIM PIPEAL
Things that are here:
a +0 dagger; a goblin corpse You now have 43 gold pieces (gained 7).
Found a stone staircase leading down.
There is a stone staircase leading down here.
As you open the door, it creaks loudly!
There is an open door here.
You enter the shallow water.
Moving in this stuff is going to be slow.
You open the door.
There is an open door here.
There is a stone staircase leading down here.
A hobgoblin comes into view.
The hobgoblin shouts!
The hobgoblin barely misses you.
You hit the hobgoblin. You headbutt the hobgoblin.
The hobgoblin is severely wounded.
The hobgoblin hits you but does no damage.
You hit the hobgoblin.
You kill the hobgoblin!
No target in view!
You now have 57 gold pieces (gained 14).
A ball python and a giant cockroach come into view.
The ball python hisses angrily.
There are monsters nearby!
You hit the ball python.
You kill the ball python!
The giant cockroach bites you but does no damage.
The giant cockroach barely misses you.
You hit the giant cockroach but do no damage.
The giant cockroach seems to speed up.
Xom is mildly amused.
The giant cockroach completely misses you.
The giant cockroach bites you but does no damage.
You hit the giant cockroach.
The giant cockroach is almost dead.
The giant cockroach bites you. The giant cockroach barely misses you.
You furiously retaliate!
You headbutt the giant cockroach!
You kill the giant cockroach!
HP restored.
A goblin comes into view. It is wielding a +0 dagger.
Found a stone.
The goblin shouts!
The goblin hits you but does no damage.
You hit the goblin.
The goblin changes into a glowing shapeshifter!
The glowing shapeshifter changes into a manticore!
You hit the manticore. You headbutt the manticore.
The manticore is moderately wounded.
A manticore is nearby!
Unknown command.
Aiming: Polymorph
Press: ? - help, Shift-Dir - straight line, f - manticore
Aim: a manticore shaped shifter (moderately wounded, will change shape)
The manticore changes into a glowing shapeshifter!
The glowing shapeshifter changes into a two-headed ogre!
Aiming: Polymorph
Press: ? - help, Shift-Dir - straight line, f/p - two-headed ogre
Aim: a two-headed ogre shaped shifter (will change shape)
The two-headed ogre changes into a glowing shapeshifter!
The glowing shapeshifter changes into a cyclops! "Go forth and cause havoc, mortal!"
You feel yourself speed up.
You are now a very special plaything of Xom.
The cyclops changes into a jumping spider!
The jumping spider leaps!
The jumping spider changes into a glass eye!
There is a stone staircase leading down here.
You climb downwards.
The hobgoblin shouts!
There is a stone staircase leading up here.
Annotate which branch? (. - D:2, ? - help, ! - show branch list)
Okay, then.
The hobgoblin hits you.
You hit the hobgoblin. You freeze the hobgoblin.
The hobgoblin is moderately wounded.
You hit the hobgoblin.
You kill the hobgoblin!
You see here a hobgoblin corpse.
HP restored.
Found a helmet.
m - a scroll labelled FETIS FAGRYMA A bat comes into view.
The bat moves out of view.
Your extra speed is starting to run out.
A bat is nearby!
The bat closely misses you.
You hit the bat.
The bat resists with significant effort.
Your headbutt misses the bat.
The bat is heavily wounded.
The bat hits you.
You hit the bat. You freeze the bat.
You kill the bat!
No target in view!
No target in view!
No target in view!
You feel yourself slow down.
n - a brown potion A quokka comes into view.
The quokka bites you but does no damage.
You hit the quokka.
The quokka is poisoned.
Your headbutt misses the quokka.
The quokka is severely wounded.
You kill the quokka!
No target in view!
j - 3 scrolls labelled FUROZIF SITHUL (gained 1)
A bat comes into view.
The bat hits you but does no damage. x2
A bat is nearby!
You closely miss the bat. The bat hits you.
You hit the bat but do no damage. The bat misses you.
You slash the bat! You burn the bat.
You kill the bat!
No target in view!
You see here a bat corpse. "Whee!"
Your surroundings suddenly seem different.
A ball python comes into view.
Your surroundings suddenly seem different.
You are now a plaything of Xom.
The ball python moves out of view.
Unknown command.
Annotate which branch? (. - D:2, ? - help, ! - show branch list)
What level of the Dungeon? 1 New annotation for D:1 (include '!' for warning): not finished, spider An adder comes into view.
The adder hisses angrily.
Found a whip.
You closely miss the adder. You headbutt the adder.
The adder is heavily wounded.
The adder bites you.
You barely miss the adder. Your headbutt misses the adder.
The adder is heavily wounded.
The adder bites you.
You are poisoned.
The adder poisons you!
You hit the adder but do no damage. Your headbutt misses the adder.
The adder is heavily wounded.
You feel sick.
The adder bites you but does no damage. x2
You closely miss the adder. Your headbutt misses the adder.
The adder is heavily wounded.
You feel sick. The adder bites you but does no damage.
You hit the adder.
The adder is almost dead.
You feel sick. The adder bites you but does no damage.
You hit the adder.
You kill the adder!
You feel sick.
You have reached level 3!
Your experience leads to an increase in your attributes!
Increase (S)trength, (I)ntelligence, or (D)exterity?
You feel agile. x2
You feel sick.
You feel sick.
You are no longer poisoned.
Found a short sword.
You see here a +0 short sword.
A goblin comes into view. It is wielding a +0 club.
The goblin shouts!
You hear an angry hiss.
You barely miss the goblin. The goblin hits you but does no damage.
You slash the goblin!
You kill the goblin!
A ball python comes into view.
You see here a +0 club.
You slash the ball python! You burn the ball python.
You kill the ball python!
No target in view!
Found a stone staircase leading down.
No target in view!
There is a stone staircase leading down here.
o - 3 scrolls labelled ITOJU BISOTA
Found a sparkling altar of Nemelex Xobeh.
A hobgoblin comes into view.
A hobgoblin is nearby!
You barely miss the hobgoblin. The hobgoblin closely misses you.
You hit the hobgoblin. You freeze the hobgoblin. You headbutt the hobgoblin.
You kill the hobgoblin!
No target in view!
You see here a hobgoblin corpse.
Found 6 stones.
You see here 6 stones.
You now have 67 gold pieces (gained 10).
Found a stone staircase leading up.
p - 2 sedimented cyan potions A rat comes into view.
The rat bites you but does no damage.
You barely miss the rat. The rat barely misses you. x2
You slash the rat! You burn the rat.
You kill the rat!
No target in view!
You see here a rat corpse.
There is a stone staircase leading up here.
Found 4 stones.
You see here 4 stones.
You see here a +0 short sword.
There is a stone staircase leading up here.
The ball python hisses angrily.
A ball python is nearby!
Found a stone staircase leading down.
You slash the ball python!
Lightning courses through the ball python!!
You kill the ball python!
No target in view!
You see here a ball python corpse. "Here."
Something appears at your feet!
q - a scroll labelled GISIS TOHAO {god gift} A giant cockroach comes into view.
A giant cockroach is nearby!
The giant cockroach bites you but does no damage.
You hit the giant cockroach. You freeze the giant cockroach.
You kill the giant cockroach!
No target in view!
You see here a giant cockroach corpse.
You see here a giant cockroach corpse.
Xom's power brushes against you for a moment.
Your body is suffused with distortional energy.
You feel resistant to heat.
You no longer feel heat resistant. "Suffer!"
You feel weakened.
You see here a +0 helmet.
You see here a +0 ring mail.
Found a stone staircase leading down.
Done exploring.
Done exploring.
Done exploring.
There is a stone staircase leading down here.
Search for what [? for help]? d: Unknown command.
You climb downwards.
The goblin shouts!
You hear an angry hiss.
There is a stone staircase leading up here.
A ball python comes into view.
You completely miss the goblin. The goblin closely misses you.
You furiously retaliate!
You headbutt the goblin!
You kill the goblin!
Things that are here:
a +0 dagger; a goblin corpse No target in view!
No target in view!
You hit the ball python. You burn the ball python.
You kill the ball python!
No target in view!
You see here a ball python corpse.
A hobgoblin comes into view.
The hobgoblin closely misses you.
You barely miss the hobgoblin.
The hobgoblin hits you but does no damage.
A hobgoblin is nearby!
You hit the hobgoblin but do no damage.
The hobgoblin is poisoned.
Your headbutt misses the hobgoblin.
The hobgoblin hits you but does no damage.
A hobgoblin is nearby!
You hit the hobgoblin. You burn the hobgoblin. You headbutt the hobgoblin.
You kill the hobgoblin!
No target in view!
You see here a hobgoblin corpse.
A hobgoblin comes into view.
The hobgoblin shouts!
The hobgoblin hits you.
You hit the hobgoblin but do no damage. The hobgoblin hits you.
You hit the hobgoblin but do no damage.
The hobgoblin is poisoned.
A kobold comes into view. It is wielding a +0 dagger.
The hobgoblin hits you.
You barely miss the hobgoblin.
The hobgoblin is lightly wounded.
The kobold throws a stone.
The stone closely misses you. The hobgoblin barely misses you.
You hit the hobgoblin. You freeze the hobgoblin.
You kill the hobgoblin!
The kobold throws a stone.
The stone hits you but does no damage.
Your Axes skill increases to level 5!
You hit the kobold but do no damage. Your headbutt misses the kobold.
The kobold barely misses you.
You hit the kobold.
You kill the kobold!
No target in view!
HP restored.
Things that are here:
a +0 dagger; 4 stones; a kobold corpse
Found 6 stones.
k - 2 scrolls labelled FINUIG QACLUE (gained 1)
An endoplasm comes into view.
The endoplasm hits you but does no damage.
You hit the endoplasm but do no damage.
Lightning courses through the endoplasm!
You kill the endoplasm!
No target in view!
No target in view!
No target in view!
An orc comes into view. It is wielding a +0 war axe.
The orc shouts!
You see here 9 gold pieces.
You hit the orc.
The orc suddenly seems more agile.
The orc is severely wounded.
The orc hits you with a +0 war axe.
You slash the orc! You freeze the orc.
You kill the orc!
You see here a +0 war axe.
r - a +0 war axe You now have 76 gold pieces (gained 9).
Found a stone staircase leading down. "Let's go for a ride!"
Your surroundings suddenly seem different.
A quokka comes into view.
Found a scroll labelled AZUFUR WAMEA.
You completely miss the quokka. Your headbutt misses the quokka.
The quokka bites you but does no damage.
You miss the quokka.
The quokka bites you but does no damage.
The quokka closely misses you.
You hit the quokka but do no damage. Your headbutt misses the quokka.
The quokka bites you.
You barely miss the quokka. The quokka closely misses you.
You hit the quokka but do no damage. You headbutt the quokka.
You kill the quokka!
No target in view!
s - a scroll labelled AZUFUR WAMEA A hobgoblin comes into view.
You see here a scroll labelled LIM PIPEAL.
A dart slug comes into view.
The hobgoblin hits you but does no damage.
You hit the hobgoblin.
The hobgoblin is lightly wounded.
The hobgoblin hits you.
You barely miss the hobgoblin.
The hobgoblin is lightly wounded.
The hobgoblin hits you but does no damage.
You barely miss the hobgoblin. Your headbutt misses the hobgoblin.
The hobgoblin is lightly wounded.
The hobgoblin barely misses you.
You hit the hobgoblin.
You kill the hobgoblin!
The dart slug closely misses you. You furiously retaliate!
You headbutt the dart slug! You hit the dart slug.
You kill the dart slug!
No target in view!
l - 2 scrolls labelled LIM PIPEAL (gained 1)
You see here a dart slug corpse.
A rat comes into view.
A rat is nearby!
The rat bites you but does no damage.
You hit the rat.
The rat is poisoned.
Your headbutt misses the rat.
The rat is moderately wounded.
The rat closely misses you.
You slash the rat!
You kill the rat!
A bat comes into view.
The bat moves out of view.
The bat hits you but does no damage.
You hit the bat.
The bat is severely wounded.
The bat barely misses you. The bat hits you. The bat misses you.
You slash the bat!
You kill the bat!
No target in view!
A gnoll comes into view. It is wielding a +0 flail.
You closely miss the gnoll. The gnoll hits you with a +0 flail!
You closely miss the gnoll. The gnoll barely misses you.
You hit the gnoll.
The gnoll is poisoned.
The gnoll is moderately wounded.
The gnoll misses you. You furiously retaliate!
You headbutt the gnoll. You hit the gnoll.
The gnoll is almost dead.
The gnoll hits you with a +0 flail.
You hit the gnoll. Lightning courses through the gnoll!
You kill the gnoll!
You feel your strength returning.
You have reached level 4!
You feel agile.
A gnoll comes into view. It is wielding a +0 club.
You start resting.
HP restored.
You start resting.
HP restored.
A gnoll comes into view. It is wielding a +0 spear.
What are your orders? t - Shout!
Orders for allies: a - Attack new target. r - Retreat! s - Stop attacking. g - Guard the area. f - Follow me.
Anything else - Cancel.
You shout for attention!
You hear a shout! x3
A gnoll comes into view. It is wielding a +0 halberd.
The gnoll moves out of view.
You hit the gnoll.
The gnoll is moderately wounded.
The gnoll hits you with a +0 halberd!
You hit the gnoll but do no damage.
The gnoll is moderately wounded.
The gnoll hits you with a +0 halberd.
You slash the gnoll! You drain the gnoll.
You kill the gnoll!
You start resting.
A worm comes into view.
You barely miss the worm. You hit the worm.
The worm seems to speed up.
You punch the worm.
The worm is moderately wounded.
The worm bites you!
You hit the worm.
The worm is moderately wounded.
The worm bites you.
You slash the worm! You headbutt the worm.
You kill the worm!
Things that are here:
a +0 halberd; a worm corpse; a gnoll corpse You start resting.
HP restored.
A hobgoblin comes into view.
The hobgoblin shouts!
Things that are here:
a +0 halberd; a worm corpse; a gnoll corpse You start resting.
A gnoll is nearby!
You hit the gnoll but do no damage.
The gnoll seems to slow down.
You headbutt the gnoll, but do no damage.
The gnoll is no longer moving slowly.
The gnoll hits you but does no damage.
You barely miss the gnoll. The gnoll closely misses you.
You hit the gnoll.
Space warps around the gnoll.
Your headbutt misses the gnoll.
The gnoll is moderately wounded.
The gnoll hits you with a +0 spear.
You hit the gnoll.
You feel better.
You headbutt the gnoll.
You kill the gnoll!
You hit the hobgoblin.
The hobgoblin is poisoned.
The hobgoblin is heavily wounded.
The hobgoblin hits you but does no damage.
You hit the hobgoblin.
You kill the hobgoblin!
t - 2 throwing nets
Items here: )) †††.
A gnoll is nearby!
The gnoll shouts!
The gnoll hits you with a +0 club.
You see here a +0 flail.
You hit the gnoll but do no damage.
The gnoll is poisoned.
The gnoll closely misses you.
You hit the gnoll.
The gnoll suddenly seems more resistant.
Xom is amused.
The gnoll is moderately wounded.
An adder comes into view.
The gnoll hits you with a +0 club.
The adder hisses angrily.
You hit the gnoll.
The gnoll suddenly seems more agile.
The gnoll is heavily wounded.
The gnoll barely misses you. You furiously retaliate!
You headbutt the gnoll.
You kill the gnoll!
The adder bites you but does no damage.
You see here a +0 club.
You miss the adder. Your headbutt misses the adder.
The adder closely misses you.
You miss the adder. The adder bites you. The adder misses you.
You hit the adder but do no damage. The adder bites you but does no damage.
You miss the adder. The adder bites you.
You closely miss the adder. The adder misses you. The adder barely misses you.
You closely miss the adder. The adder completely misses you.
You miss the adder. The adder barely misses you.
You hit the adder.
The adder seems to grow stronger.
You headbutt the adder. Your punch misses the adder.
The adder is moderately wounded.
The adder barely misses you. The adder bites you but does no damage.
You hit the adder.
The adder is severely wounded.
The adder closely misses you.
You hit the adder. You burn the adder.
You kill the adder!
HP restored.
You see here an adder corpse.
Found a stone staircase leading down.
q - 2 scrolls labelled GISIS TOHAO {god gift} (gained 1)
k - 3 scrolls labelled FINUIG QACLUE (gained 1)
Found a stone staircase leading down.
Found a leather armour.
You see here a +0 leather armour.
k - 4 scrolls labelled FINUIG QACLUE (gained 1)
u - 2 amethyst potions You see here a +0 chain mail.
Found a stone staircase leading up.
k - 5 scrolls labelled FINUIG QACLUE (gained 1)
o - 4 scrolls labelled ITOJU BISOTA (gained 1)
There is a stone staircase leading up here.
Found a stone staircase leading up.
You enter the shallow water.
Moving in this stuff is going to be slow.
Xom's power brushes against you for a moment.
Your body is suffused with distortional energy.
Your thoughts seem clearer.
Your thinking seems confused.
You now have 92 gold pieces (gained 16).
Things that are here:
a +0 dagger; 4 stones
There is a stone staircase leading down here.
There is a stone staircase leading down here.
There is a dry fountain here.
Partly explored, can't reach some places.
Partly explored, can't reach some places.
Unknown command.
Annotate which branch? (. - D:3, ? - help, ! - show branch list) New annotation for D:3 (include '!' for warning):
Okay, then.
There is a stone staircase leading down here.
You climb downwards.
There is a stone staircase leading up here.
A giant cockroach comes into view.
You hit the giant cockroach.
The giant cockroach seems to speed up.
Your headbutt misses the giant cockroach.
The giant cockroach is moderately wounded.
The giant cockroach bites you.
You closely miss the giant cockroach.
The giant cockroach is moderately wounded.
The giant cockroach bites you.
The giant cockroach bites you but does no damage.
A giant cockroach is nearby!
You hit the giant cockroach. You burn the giant cockroach.
You kill the giant cockroach!
No target in view!
HP restored.
You see here a giant cockroach corpse.
Xom twists space around you.
Your surroundings suddenly seem different.
Found 2 scrolls labelled SIPLEXZ CAPERU.
Found a stone staircase leading up.
Your surroundings suddenly seem different.
An iguana comes into view.
Found 14 gold pieces.
Unknown command.
Unknown command.
The iguana hisses angrily.
The iguana bites you!
You hit the iguana.
You headbutt the iguana, but do no damage.
The iguana is moderately wounded.
The iguana completely misses you.
You hit the iguana. You burn the iguana.
The iguana is heavily wounded.
The iguana barely misses you.
You slash the iguana!
You kill the iguana!
Your Fighting skill increases to level 5!
Your Axes skill increases to level 6!
You have reached level 5!
You now have 106 gold pieces (gained 14).
Found a robe.
As you open the door, it creaks loudly!
There is an open door here.
v - 2 scrolls labelled SIPLEXZ CAPERU You see here 6 javelins.
You open the door.
There is an open door here.
A kobold comes into view. It is wielding a +0 dagger.
Found 4 stones.
There is an open door here.
You see here 6 javelins.
w - 6 javelins
There is an open door here.
The kobold shouts!
The kobold throws a stone.
The stone hits you but does no damage.
The kobold throws a stone.
The stone barely misses you.
Found 12 gold pieces.
The kobold throws a stone.
The stone hits you but does no damage.
Found an ancient bone altar of Kikubaaqudgha.
You slash the kobold!
You kill the kobold!
Found an ornate altar of the Wu Jian Council.
Things that are here:
a +0 dagger; 4 stones; a kobold corpse
Found a radiant altar of Vehumet.
Found a snail-covered altar of Cheibriados and a shadowy altar of Dithmenos.
Found 6 stones.
Found a hide-covered altar of Uskayaw and a hazy altar of Hepliaklqana.
You now have 118 gold pieces (gained 12).
There is an ancient bone altar of Kikubaaqudgha here.
There is a radiant altar of Vehumet here.
An adder comes into view.
You see here 14 gold pieces.
The adder hisses angrily.
You see here 6 stones.
The adder misses you.
You hit the adder.
The adder is poisoned.
Your headbutt misses the adder.
The adder is heavily wounded. "Whee!"
Your surroundings suddenly seem different.
A sleepcap comes into view.
Found 2 gold pieces.
Found a stone staircase leading down.
You slash the sleepcap!
The sleepcap is moderately damaged.
The sleepcap releases spores at you.
You hit the sleepcap.
The sleepcap is heavily damaged.
The sleepcap releases spores at you but does no damage.
You hit the sleepcap.
The sleepcap evaporates and reforms as a ballistomycete!
The ballistomycete is lightly damaged.
You slash the ballistomycete! You freeze the ballistomycete.
You headbutt the ballistomycete!
The ballistomycete is almost destroyed.
You hit the ballistomycete.
You destroy the ballistomycete!
You now have 120 gold pieces (gained 2).
An adder comes into view.
The adder hisses angrily.
You hear an angry hiss. x2; You hear a shout!
An adder comes into view.
You miss the adder. The adder misses you. The adder barely misses you.
A kobold comes into view. It is wielding a +0 whip.
The adder attacks as it pursues you! The adder bites you.
You are poisoned.
The adder poisons you!
An orc and an adder come into view.
Found four items.
You feel sick.
The adder hisses angrily.
Xom grants you a minor favour.
Your +0 hand axe of chaos looks sharp (like it always does).
The orc shouts!
The adder closely misses you. You furiously retaliate!
You headbutt the adder!
You kill the adder!
You feel sick. The adder attacks as it pursues you!
The adder bites you but does no damage.
You barely miss the adder. Your headbutt misses the adder.
You feel sick. The adder barely misses you.
You completely miss the adder. Your headbutt misses the adder.
You feel sick. The adder barely misses you.
You hit the adder.
The adder seems to slow down.
You freeze the adder.
The adder is severely wounded.
You feel sick. The adder misses you. You furiously retaliate!
You headbutt the adder. You slash the adder!
You feel better.
You kill the adder!
You feel sick.
You are no longer poisoned.
The adder bites you but does no damage.
You hit the adder but do no damage. The adder closely misses you.
You barely miss the adder. The adder bites you but does no damage.
You barely miss the adder. Your headbutt misses the adder.
The adder completely misses you. The adder barely misses you.
You closely miss the adder. The adder bites you.
You are poisoned.
The adder poisons you!
You hit the adder.
The adder seems to slow down.
You freeze the adder. You headbutt the adder!
The adder is almost dead.
You feel sick. The adder bites you.
You are more poisoned.
The adder poisons you!
You barely miss the adder. You headbutt the adder.
You kill the adder!
You feel sick.
You hit the orc. Your headbutt misses the orc.
The orc is severely wounded.
You feel sick. The orc hits you with a +3 mace!
You hit the orc.
You kill the orc!
You feel sick.
You hit the kobold but do no damage.
You feel sick. The kobold hits you but does no damage.
You hit the kobold.
You kill the kobold!
You feel sick.
Your cleaving frenzy subsides.
You feel sick.
Items here: )) [ †††.
Okay, then.
You feel sick.
You are no longer poisoned.
You now have 137 gold pieces (gained 17).
You see here a +0 scale mail.
You see here a +0 leather armour.
Items here: )) [ †††.
An orc comes into view. It is wielding a +0 club.
You catch the helpless orc completely off-guard!
You hit the orc but do no damage.
The orc shouts!
The orc seems to speed up.
Xom is mildly amused.
You headbutt the orc.
The orc is almost dead.
The orc hits you with a +0 club. The orc completely misses you.
You hit the orc. You freeze the orc.
You kill the orc!
No target in view!
You hear Xom's avuncular chuckle.
Your body is suffused with distortional energy.
You feel vulnerable to cold.
Your skin functions as natural camouflage.
Items here: ))) [[ ††††.
Found 2 stones.
k - 6 scrolls labelled FINUIG QACLUE (gained 1)
You now have 148 gold pieces (gained 11).
Items here: ))) [[ ††††.
x - a bubbling amethyst potion You now have 169 gold pieces (gained 21).
z - a silvery potion
Found a stone staircase leading down.
Found a pair of boots.
A goblin comes into view. It is wielding a +0 club.
You see here a +0 pair of boots.
y - a +0 pair of boots You slash the goblin!
You freeze the goblin.
You kill the goblin!
You start removing your armour.
You continue taking off your +0 pair of boots. x4
You finish taking off your +0 pair of boots.
You start putting on your armour.
You continue putting on your +0 pair of boots. x5
You finish putting on your +0 pair of boots.
Unknown command.
You drop a +0 pair of boots.
e - a scroll labelled DITTAO OCYTYA
There is a stone staircase leading down here.
A hobgoblin comes into view.
You hit the hobgoblin. You burn the hobgoblin.
You kill the hobgoblin!
No target in view!
Xom's power brushes against you for a moment.
Your body is suffused with distortional energy.
You feel stronger.
You feel weaker.
You see here a +0 robe.
You now have 180 gold pieces (gained 11).
You now have 193 gold pieces (gained 13).
There is a radiant altar of Vehumet here.
You now have 207 gold pieces (gained 14).
Found 7 stones.
You see here 7 stones.
A - an amulet of reflection You start putting on your amulet.
You continue putting on your amulet of reflection. x5
You finish putting on your amulet of reflection.
You feel a shielding aura gather around you.
A - an amulet of reflection (around neck)
Found a stone staircase leading down.
An adder comes into view.
No target in view!
No target in view!
The adder hisses angrily.
The adder bites you.
You miss the adder. Your headbutt misses the adder.
The adder closely misses you. You furiously retaliate!
You headbutt the adder! You hit the adder.
You feel better.
You kill the adder!
No target in view!
The adder bites you.
You are poisoned.
The adder poisons you!
You miss the adder.
You feel sick. The adder barely misses you. You furiously retaliate!
You headbutt the adder. You slash the adder!
You kill the adder!
You feel sick.
No target in view!
You feel sick.
You feel sick.
You are no longer poisoned.
You see here an adder corpse.
An ogre comes into view. It is wielding a +0 giant club.
Found a scroll labelled FINUIG QACLUE.
A goblin comes into view. It is wielding a +0 club.
A giant cockroach comes into view.
You see here a scroll labelled FINUIG QACLUE.
k - 7 scrolls labelled FINUIG QACLUE (gained 1)
The giant cockroach bites you.
You hit the giant cockroach. You freeze the giant cockroach.
You kill the giant cockroach!
You see here a giant cockroach corpse.
Found a robe.
A kobold comes into view.
It is wielding a +0 club and quivering poisoned darts.
The kobold shouts!
The kobold throws a poisoned dart.
The poisoned dart closely misses you. The kobold hits you but does no damage.
You closely miss the kobold. Your headbutt misses the kobold.
You block the kobold's attack.
You closely miss the kobold. You block the kobold's attack.
You hit the kobold.
You kill the kobold!
Things that are here:
a +0 club; 2 poisoned darts; a kobold corpse
B - 2 poisoned darts The goblin shouts!
The goblin throws a stone.
The stone hits you but does no damage.
A quokka comes into view.
The goblin hits you with a +0 club.
You slash the goblin! You burn the goblin.
You kill the goblin!
Things that are here:
a +0 club; 6 stones; 20 gold pieces The quokka bites you but does no damage.
You hit the quokka.
The quokka is poisoned.
You headbutt the quokka.
You kill the quokka!
You now have 227 gold pieces (gained 20).
Things that are here:
a +0 club; 6 stones
Found a stone staircase leading up.
There is a stone staircase leading up here.
There is a stone staircase leading up here.
C - a ring of willpower
C - a ring of willpower (right hand)
Okay, then.
Throw: 2 darts (poison)
Press: ? - help, Q - select action, (/) - cycle Shift-Dir - straight line, f - ogre
Aim: an ogre, wielding a +0 giant club (asleep, 98% to hit)
You throw a poisoned dart. The poisoned dart hits the ogre.
The ogre is poisoned.
Unknown command.
Throw: dart (poison)
Press: ? - help, Q - select action, (/) - cycle Shift-Dir - straight line, f/p - ogre
Aim: an ogre, wielding a +0 giant club (lightly wounded, poisoned, 72% to hit)
You throw a poisoned dart. The poisoned dart hits the ogre.
The ogre looks even sicker.
The ogre is lightly wounded.
You hit the ogre.
The ogre easily resists.
The ogre is moderately wounded.
You block the ogre's attack.
You hit the ogre.
The ogre is moderately wounded.
You hit the ogre.
The ogre suddenly seems more resistant.
Xom thinks this is hilarious!
You headbutt the ogre, but do no damage.
The ogre is heavily wounded.
The ogre hits you with a +0 giant club!!
Ouch! That really hurt!
You barely miss the ogre.
The ogre is heavily wounded.
You hit the ogre. Your headbutt misses the ogre.
The ogre is severely wounded.
The ogre barely misses you.
You hit the ogre but do no damage.
The ogre goes berserk!
You headbutt the ogre!
The ogre is almost dead.
The ogre looks more healthy.
The ogre closely misses you.
You hit the ogre.
The ogre is poisoned.
The ogre is almost dead.
The ogre hits you with a +0 giant club!!!
Ouch! That really hurt!
You die...
Xom chuckles heartily!

Skill      XL: |  1  2  3  4 |
---------------+-------------+-----
Axes           | 4 5 6 |  6.8
Fighting       | 4 5 |  5.4
Armour         | |  2.4
Dodging        | |  1.1

Action                     |  1- 3 |  4- 6 || total
---------------------------+-------+-------++-------
  Melee: Hand axe          |    86 |    75 ||   161
         Headbutt          |     9 |    12 ||    21
         Punch             |       |     1 ||     1
  Throw: Dart              |       |     2 ||     2
  Evoke: Wand              |     2 |       ||     2
   Stab: Distracted        |       |     1 ||     1
 Armour: Leather armour    |    49 |    40 ||    89
  Dodge: Dodged            |    34 |    30 ||    64
  Block: Other             |       |     3 ||     3

Levels and vault maps discovered:
D:1:      heliophobic_arrival_glass_houses, layout_rooms, serial_rivers,
          chequers_serial_rivers_large_b, chequers_serial_rivers_micro_b,
          chequers_serial_rivers_room_b, chequers_serial_rivers_micro_a,
          chequers_serial_rivers_micro_d,
          shapermc_ecumenical_altar_starsandcircs, minmay_heptomino_h4
D:2:      layout_loops_ring, basic_altar, grunt_decor_resistance,
          grunt_decor_fettered
D:3:      layout_loops_cross, corexii_hall_statues_i, serial_bayou_pond_e,
          grunt_decor_junction
D:4:      layout_basic, grunt_temple_overflow_open, minmay_vboxes

Notes
Turn   | Place    | Note
-------+----------+-------------------------------------------
     0 | D:1      | scionoferis the Minotaur Chaos Knight began the quest for
                  | the Orb.
     0 | D:1      | Reached XP level 1. HP: 19/19 MP: 0/0
     1 | D:1      | You fall into a shaft and drop 1 floor!
    82 | D:2      | Reached skill level 4 in Axes
    82 | D:2      | Reached XP level 2. HP: 24/27 MP: 1/1
   180 | D:1      | XOM: divination: detect items
   204 | D:1      | XOM: divination: detect creatures
   271 | D:1      | Reached skill level 4 in Fighting
   277 | D:1      | XOM: silly message
   306 | D:1      | Found a faded altar of an unknown god.
   432 | D:1      | a goblin changed into a glowing shapeshifter
   432 | D:1      | Noticed a glowing shapeshifter (glowing shapeshifter)
   432 | D:1      | a glowing shapeshifter changed into a manticore
   432 | D:1      | Noticed a manticore (glowing shapeshifter)
   434 | D:1      | a manticore changed into a glowing shapeshifter
   434 | D:1      | Noticed a glowing shapeshifter (glowing shapeshifter)
   434 | D:1      | a glowing shapeshifter changed into a two-headed ogre
   434 | D:1      | Noticed a two-headed ogre (glowing shapeshifter)
   435 | D:1      | a two-headed ogre changed into a glowing shapeshifter
   435 | D:1      | Noticed a glowing shapeshifter (glowing shapeshifter)
   435 | D:1      | a glowing shapeshifter changed into a cyclops
   435 | D:1      | Noticed a cyclops (glowing shapeshifter)
   437 | D:1      | XOM: potion effect (haste)
   437 | D:1      | a cyclops changed into a jumping spider
   437 | D:1      | Noticed a jumping spider (glowing shapeshifter)
   439 | D:1      | a jumping spider changed into a glass eye
   439 | D:1      | Noticed a glass eye (glowing shapeshifter)
   539 | D:2      | XOM: 2-stop teleportation journey
   581 | D:2      | Reached XP level 3. HP: 20/33 MP: 2/2
   701 | D:2      | Found a sparkling altar of Nemelex Xobeh.
   914 | D:2      | XOM: god gift: scroll labelled GISIS TOHAO {god gift}
   977 | D:2      | XOM: give mutations
   977 | D:2      | Gained mutation: Your flesh is heat resistant. (rF+) [Xom's
                  | mischief]
   977 | D:2      | Lost mutation: Your flesh is heat resistant. (rF+) [Xom's
                  | mischief]
   981 | D:2      | XOM: stat loss: -1 Str (15/16)
  1096 | D:3      | Reached skill level 5 in Axes
  1208 | D:3      | XOM: 1-stop teleportation journey
  1342 | D:3      | Reached XP level 4. HP: 29/41 MP: 3/3
  1735 | D:3      | XOM: give mutations
  1735 | D:3      | Gained mutation: You possess an exceptional clarity of
                  | mind. [Xom's mischief]
  1735 | D:3      | Lost mutation: You possess an exceptional clarity of mind.
                  | [Xom's mischief]
  1920 | D:4      | XOM: 2-stop teleportation journey
  1926 | D:4      | Reached skill level 5 in Fighting
  1926 | D:4      | Reached skill level 6 in Axes
  1926 | D:4      | Reached XP level 5. HP: 38/48 MP: 4/4
  2004 | D:4      | Found an ancient bone altar of Kikubaaqudgha.
  2006 | D:4      | Found an ornate altar of the Wu Jian Council.
  2008 | D:4      | Found a radiant altar of Vehumet.
  2009 | D:4      | Found a snail-covered altar of Cheibriados.
  2009 | D:4      | Found a shadowy altar of Dithmenos.
  2011 | D:4      | Found a hide-covered altar of Uskayaw.
  2011 | D:4      | Found a hazy altar of Hepliaklqana.
  2022 | D:4      | XOM: 1-stop teleportation journey
  2058 | D:4      | XOM: cleaving
  2145 | D:4      | XOM: give mutations
  2145 | D:4      | Gained mutation: You are vulnerable to cold. (rC-) [Xom's
                  | mischief]
  2145 | D:4      | Gained mutation: Your skin changes colour to match your
                  | surroundings (Stealth+). [Xom's mischief]
  2374 | D:4      | XOM: give mutations
  2374 | D:4      | Gained mutation: Your muscles are strong. (Str +4, Int/Dex
                  | -1) [Xom's mischief]
  2374 | D:4      | Lost mutation: Your muscles are strong. (Str +4, Int/Dex
                  | -1) [Xom's mischief]
  2464 | D:4      | Noticed an ogre
  2649 | D:4      | Demolished by an ogre

Vanquished Creatures
  A ballistomycete (D:4)
  An iguana (D:4)
  4 gnolls (D:3)
  8 adders (D:2 D:3 D:4)
  A worm (D:3)
  A dart slug (D:3)
  3 orcs (D:3 D:4)
  4 ball pythons (D:1 D:2 D:3)
  3 bats (D:2 D:3)
  2 endoplasms (D:1 D:3)
  4 giant cockroaches (D:1 D:2 D:4)
  6 goblins (D:1 D:2 D:3 D:4)
  9 hobgoblins (D:1 D:2 D:3 D:4)
  4 quokkas (D:1 D:2 D:3 D:4)
  A frilled lizard (D:1)
  4 kobolds (D:3 D:4)
  2 rats (D:2 D:3)
58 creatures vanquished.

Table legend: (Time is in decaauts)
 A = Elapsed time spent in this place.
 B = Non-inter-level travel time spent in this place.
 C = Inter-level travel time spent in this place.
 D = Time resting spent in this place.
 E = Time spent auto-exploring this place.
 F = Levels seen in this place.
 G = Mean time per level.
                   A        B        C        D        E       F      G
               +--------+--------+--------+--------+--------+-----+--------+
         Total |   2637 |   2623 |     14 |     85 |   2002 |   4 |  659.2 |
       Dungeon |   2637 |   2623 |     14 |     85 |   2002 |   4 |  659.2 |
               +--------+--------+--------+--------+--------+-----+--------+

Top non-repeatable levels by time:
     D:3: 837 daAuts
     D:4: 751 daAuts
     D:2: 710 daAuts
     D:1: 338 daAuts

Table legend:
 A = Non-vault XP
 B = Vault XP
 C = Vault XP percentage of total XP
 D = Non-vault monster count
 E = Vault monster count
 F = Vault count percentage of total count
                 A         B        C        D         E       F
            +---------+---------+-------+---------+---------+-------
      Total |     304 |      45 |  12.9 |      53 |       5 |   8.6
            +---------+---------+-------+---------+---------+-------
        D:1 |      17 |       0 |   0.0 |       9 |       0 |   0.0
        D:2 |      44 |       0 |   0.0 |      12 |       0 |   0.0
        D:3 |      99 |       0 |   0.0 |      19 |       0 |   0.0
        D:4 |     144 |      45 |  23.8 |      13 |       5 |  27.8
            +---------+---------+-------+---------+---------+-------
